 Dungeon Crawl Stone Soup version 0.29.1-2-gbd0b4ee654 (webtiles) character file.

Game seed: 3314337145774531116

212 xian the Trooper (level 5, -3/47 HPs)
             Began as a Hill Orc Abyssal Knight on Nov 23, 2022.
             Was a Believer of Lugonu.
             Slain by an ogre
             ... wielding a +0 giant spiked club
              (9 damage)
             ... on level 4 of the Dungeon.
             The game lasted 00:08:17 (3107 turns).

xian the Trooper (Hill Orc Abyssal Knight)          Turns: 3107, Time: 00:08:18

Health: -3/47      AC:  6    Str: 18    XL:     5   Next: 89%
Magic:  0/8        EV: 11    Int: 10    God:    Lugonu [**....]
Gold:   178        SH:  0    Dex: 11    Spells: 4/4 levels left

rFire   . . .      SeeInvis .   a - +1 hand axe
rCold   . . .      Faith    .   (no shield)
rNeg    . . .      Spirit   +   e - +0 ring mail
rPois   .          Reflect  .   (no helmet)
rElec   .          Harm     .   (no cloak)
rCorr   .          Rampage  .   h - +0 pair of gloves
Will    .....                   (no boots)
Stlth   +.........              b - amulet of guardian spirit
HPRegen 0.15/turn               (no ring)
MPRegen 0.11/turn               (no ring)

@: no status effects
A: no striking features
a: Renounce Religion, Depart the Abyss, Bend Space


You were on level 4 of the Dungeon.
You worshipped Lugonu.
Lugonu was pleased with you.
You visited 1 branch of the dungeon, and saw 4 of its levels.
You visited the Abyss 1 time.

You collected 178 gold pieces.

Inventory:

Hand Weapons
 a - a +1 hand axe (weapon)
Armour
 e - a +0 ring mail (worn)
 h - a +0 pair of gloves (worn)
Jewellery
 b - an amulet of guardian spirit (around neck)
 n - an amulet of faith
Scrolls
 d - 2 scrolls of poison
 f - 2 scrolls of fog
 g - 3 scrolls of immolation
 l - a scroll of fear
 p - a scroll of amnesia {unknown}
 q - a scroll of vulnerability {unknown}
Potions
 c - a potion of brilliance {unknown}
 i - a potion of haste {unknown}
 j - 4 potions of degeneration {unknown}
 k - a potion of berserk rage {unknown}
 m - a potion of lignification {unknown}
 o - 2 potions of curing {unknown}


   Skills:
 + Level 4.8 Fighting
 + Level 4.3 Axes
 + Level 3.5 Armour
 + Level 1.6 Dodging
 + Level 0.2 Stealth
 * Level 4.1 Invocations


You had 4 spell levels left.
You didn't know any spells.
Your spell library contained the following spells:

 Spells                   Type           Power      Damage    Failure   Level
 Call Canine Familiar     Summ           0%         N/A       89%         3
 Gell's Gravitas          Tloc           0%         N/A       89%         3
 Lesser Beckoning         Tloc           0%         N/A       89%         3
 Ozocubu's Armour         Ice            0%         N/A       89%         3
 Portal Projectile        Hex/Tloc       0%         N/A       89%         3
 Teleport Other           Tloc           0%         N/A       89%         3
 Leda's Liquefaction      Hex/Erth       0%         N/A       100%        4
 Ozocubu's Refrigeration  Ice            0%         4d7       100%        7


Dungeon Overview and Level Annotations

Branches:
Dungeon (4/15)
 Temple: D:4-7

Altars:


Message History

You hit the giant cockroach.
The giant cockroach is almost dead.
The giant cockroach misses you.
You hit the giant cockroach but do no damage.
The giant cockroach is almost dead.
The giant cockroach barely misses you.
You hit the giant cockroach.
You kill the giant cockroach!
Lugonu accepts your kill.
Things that are here:
a +0 club; a +0 ring mail; a giant cockroach corpse
There is an escape hatch in the floor here.
Found a rapier.
An ogre comes into view. It is wielding a +0 giant spiked club.
The ogre shouts!
You aren't carrying any items that you can evoke.
Unknown command.
The ogre hits you with a +0 giant spiked club!!
You hit the ogre but do no damage.
The ogre hits you with a +0 giant spiked club!!
* * * LOW HITPOINT WARNING * * *
You hit the ogre.
The ogre is lightly wounded.
You hit the ogre.
The ogre is moderately wounded.
The ogre closely misses you.
You hit the ogre.
The ogre is moderately wounded.
The ogre barely misses you.
You slash the ogre!
The ogre is severely wounded.
The ogre barely misses you.
You hit the ogre but do no damage.
The ogre is severely wounded.
Unknown command.
Okay, then.
You hit the ogre.
The ogre is severely wounded.
The ogre hits you with a +0 giant spiked club!
You die...

#######.....[#
#......#
#......#
#......###
#.#...>..#
...#.####.###
#####........#
#...#........#
........@O...#
..#..........#
####........#
...).......#
##.........#
#.##.####...
#. #.. .... #.
### ####


You could see an ogre.

Vanquished Creatures
  An orc wizard (D:3)
  4 adders
  A worm (D:3)
  5 orcs
  5 endoplasms
  2 giant cockroaches
  8 goblins
  7 hobgoblins
  5 ball pythons
  7 bats
  4 frilled lizards
  3 kobolds
  4 rats
56 creatures vanquished.

Notes
Turn   | Place    | Note
-------+----------+-------------------------------------------
     0 | Abyss:1  | xian the Hill Orc Abyssal Knight began the quest for the
                  | Orb.
     0 | Abyss:1  | Reached XP level 1. HP: 19/19 MP: 2/2
   118 | Abyss:1  | Noticed a chaos spawn
   126 | Abyss:1  | Noticed a flayed ghost
   126 | Abyss:1  | Noticed a wretched star
   128 | D:1      | Escaped the Abyss
   506 | D:1      | Reached ** piety under Lugonu
   507 | D:1      | Reached XP level 2. HP: 27/27 MP: 3/3
  1355 | D:2      | Reached skill level 1 in Dodging
  1355 | D:2      | Reached XP level 3. HP: 33/33 MP: 5/5
  1777 | D:3      | Reached XP level 4. HP: 41/41 MP: 6/6
  2862 | D:4      | Reached *** piety under Lugonu
  2863 | D:4      | Reached XP level 5. HP: 37/47 MP: 7/7
  2969 | D:4      | Noticed a black bear
  2975 | D:4      | Banished a black bear
  3094 | D:4      | Noticed an ogre
  3107 | D:4      | Slain by an ogre

Illustrated notes

Levels and vault maps discovered:
D:1:      psy_arrival_basics, layout_basic
D:2:      layout_basic
D:3:      layout_loops_corners, minmay_misc_feat_diagonals
D:4:      layout_basic, kennysheep_small_circle

Skill      XL: |  1  2  3  4  5 |
---------------+----------------+-----
Fighting       | 4 |  4.8
Dodging        | 1 |  1.6
Axes           | 3 4 |  4.3
Invocations    | 3 4 |  4.1
Armour         | 3 |  3.5
Stealth        | |  0.2

Action                   |  1- 3 |  4- 6 || total
-------------------------+-------+-------++-------
Melee: Hand axe          |    81 |    90 ||   171
       Punch             |     1 |     1 ||     2
Invok: Depart the Abyss  |     1 |       ||     1
       Banish            |       |     1 ||     1
  Use: Scroll            |     3 |     1 ||     4
Armor: Leather armour    |     2 |       ||     2
       Ring mail         |    30 |    28 ||    58
Dodge: Dodged            |    45 |    45 ||    90
